cohdb
Replays
Latest Replays
All Replays
Popular Replays
Top Player Replays
Match Explorer
How It Works
Community
CoH3 Stats
Reddit
Sign in to upload your games and track your stats! →
Sign in with Steam
Match 41145085
Unlisted
Match 41145085
Overview
Messages
Build Orders
End
Engineer Squad
Construct Barracks
Riflemen Squad
Riflemen Squad
Grenade Package
Riflemen Squad
Infantry Support Center
Construct Medical Station
Construct Motor Pool
M8 Greyhound Armored Car
Advanced Logistics
Selects Heavy Weapons
Selects Assault Carriers
Selects Exchangeable Parts
Hometown
Mo-J
Wheeler
EtriusKlar
Precision
Archon11
Mr.G
pendzig
0
0
Comments
sign in to comment!
No comments posted yet!